 Dungeon Crawl Stone Soup version 0.30-a0-568-g124715a40b (webtiles) character file.

Game seed: 16517885225890782540

48546 Newt the Carver (level 14, -2/108 HPs)
             Began as a Demonspawn Gladiator on Dec 28, 2022.
             Was an Elder of Hepliaklqana.
             Slain by a salamander
             ... wielding a +4 glaive
              (8 damage)
             ... on level 1 of the Snake Pit.
             The game lasted 00:25:43 (15708 turns).

Newt the Carver (Demonspawn Gladiator)             Turns: 15708, Time: 00:25:44

Health: -2/108     AC: 15    Str: 21    XL:     14   Next: 12%
Magic:  22/22      EV: 18    Int: 10    God:    Hepliaklqana [****..]
Gold:   1444       SH:  0    Dex: 14    Spells: 19/21 levels left

rFire   . . .      SeeInvis .    D - +10 triple sword "Keaselocs" {heavy, rPois Will+}
rCold   . . .      Faith    .    (shield currently unavailable)
rNeg    . . .      Spirit   .    b - +2 leather armour of the Stone Wall {Will+ Str+4}
rPois   +          Reflect  .    V - +1 hat
rElec   .          Harm     .    (no cloak)
rCorr   .          Rampage  .    f - +2 pair of gloves {infuse}
Will    +++++      Rage     50%  (no boots)
Stlth   ++                       t - necklace of Bloodlust {*Rage Will++ Int-3 Slay+6}
HPRegen 0.38/turn                s - +5 ring of evasion
MPRegen 0.18/turn                B - +4 ring of protection

@: on berserk cooldown
A: reduced essence, hooves 2, rugged brown scales 1, foul stench 2, powered by
pain 2, high MP 1, robust 1
a: Renounce Religion, Recall Ancestor, Ancestor Identity, Transference, Idealise


You were on level 1 of the Snake Pit.
You worshipped Hepliaklqana.
Hepliaklqana was greatly pleased with you.
You visited 4 branches of the dungeon, and saw 16 of its levels.
You also visited: Ossuary.

You collected 1651 gold pieces.
You spent 207 gold pieces at shops.

Inventory:

Hand Weapons
 a - a +0 rapier
 n - a +0 short sword of venom
 z - the +8 quarterstaff of Raytob {drain, rPois rC- Str+6 Int+4}
   (You bought it in a shop on level 3 of the Dungeon)

   A truly terrible weapon, it drains the life of any living foe it strikes.
   Str:       It affects your strength (+6).
   Int:       It affects your intelligence (+4).
   rC:        It makes you vulnerable to cold.
   rPois:     It protects you from poison.
 D - the +10 triple sword "Keaselocs" (weapon) {heavy, rPois Will+}
   (You acquired it on level 8 of the Dungeon)

   It deals dramatically more damage, but attacks with it are much slower.
   rPois:     It protects you from poison.
   Will:      It increases your willpower.
Missiles
 c - 2 throwing nets
 d - 7 silver javelins (quivered)
 e - 7 javelins
 r - 49 poisoned darts
 y - 6 boomerangs
 Z - 6 curare-tipped darts
Armour
 b - the +2 leather armour of the Stone Wall (worn) {Will+ Str+4}
   (You found it on level 4 of the Lair of Beasts)

   Str:       It affects your strength (+4).
   Will:      It increases your willpower.
 f - a +2 pair of gloves of infusion (worn)
 Q - the +3 leather armour of the Moon {-Cast +Inv rElec Dex+5}
   (You found it on level 8 of the Dungeon)

   Dex:       It affects your dexterity (+5).
   rElec:     It insulates you from electricity.
   +Inv:      It lets you turn invisible.
   -Cast:     It prevents spellcasting.
 V - a +1 hat (worn)
Jewellery
 s - a +5 ring of evasion (left hand)
 t - the necklace of Bloodlust (around neck) {*Rage Will++ Int-3 Slay+6}
   (You found it on level 6 of the Dungeon)

   [amulet of nothing]

   It extends the wearer's berserk rage when killing foes.
   Int:       It affects your intelligence (-3).
   Slay:      It affects your accuracy & damage with ranged weapons and melee
   (+6).
   *Rage:     It berserks you when you make melee attacks (+50% chance).
   Will:      It greatly increases your willpower.
 u - a ring of fire
 A - an amulet of reflection
 B - a +4 ring of protection (right hand)
 G - a ring of flight
 J - the ring "Zualifua" {Ice Str+6}
   (You found it in an ossuary)

   [ring of ice]

   It enhances your ice magic.
   Str:       It affects your strength (+6).
   rF:        It makes you vulnerable to fire.
   rC:        It protects you from cold.
 L - a ring of ice
 R - a ring of protection from cold
Wands
 o - a wand of flame (43)
 K - a wand of mindburst (7)
 O - a wand of roots (16)
 P - a wand of quicksilver (3)
 T - a wand of polymorph (1)
Scrolls
 g - 5 scrolls of fear
 i - 3 scrolls of blinking
 j - 8 scrolls of teleportation
 k - a scroll of fog
 F - a scroll of enchant armour
 I - a scroll of poison
 N - 5 scrolls of identify
 S - a scroll of brand weapon
 U - 2 scrolls of silence
 W - a scroll of magic mapping
Potions
 h - 3 potions of berserk rage
 l - a potion of ambrosia
 m - 11 potions of curing
 p - 4 potions of flight
 q - 3 potions of attraction
 v - a potion of lignification {unknown}
 w - a potion of invisibility
 x - a potion of heal wounds
 C - 3 potions of haste
 E - 3 potions of cancellation
 H - 3 potions of might
 M - 3 potions of brilliance
Miscellaneous
 Y - a lightning rod (4/4)


   Skills:
 - Level 8.0 Fighting
 - Level 4.0(8.2) Short Blades
 + Level 11.1(11.4) Long Blades
 - Level 6.0 Staves
 - Level 8.0 Throwing
 - Level 8.0 Armour
 - Level 4.0 Dodging
 - Level 3.0 Stealth
 - Level 4.0 Spellcasting
 - Level 8.0 Transmutations
 - Level 5.0 Invocations
 - Level 10.0 Evocations


You had 19 spell levels left.
You knew the following spells:

 Your Spells              Type           Power      Damage    Failure   Level
a - Wereblood             Tmut           18%        N/A       1%          2

Your spell library contained the following spells:

 Spells                   Type           Power      Damage    Failure   Level
 Apportation              Tloc           4%         N/A       28%         1
 Foxfire                  Conj/Fire      8%         2x1d4     28%         1
 Magic Dart               Conj           8%         1d3       28%         1
 Necrotise                Necr           8%         1d4       28%         1
 Shock                    Conj/Air       8%         1d3       28%         1
 Summon Small Mammal      Summ           8%         N/A       28%         1
 Cigotuvi's Dreadful Rot  Necr/Pois/Air  4%         N/A       38%         2
 Poisonous Vapours        Pois/Air       4%         N/A       38%         2
 Searing Ray              Conj           4%         2d4       38%         2
 Sublimation of Blood     Necr           2%         N/A       38%         2
 Dazzling Flash           Conj/Hex       4%         N/A       63%         3
 Mephitic Cloud           Conj/Pois/Air  2%         N/A       63%         3
 Swiftness                Air            2%         N/A       63%         3
 Tukima's Dance           Hex            2%         N/A       63%         3
 Alistair's Intoxication  Tmut/Pois      6%         N/A       83%         5
 Yara's Violent Unravell  Hex/Tmut       5%         3d4       83%         5
 Airstrike                Air            1%         2d(1-17)  95%         4
 Cause Fear               Hex            1%         N/A       95%         4
 Fulminant Prism          Conj/Hex       1%         3d5       95%         4
 Iskenderun's Mystic Bla  Conj/Tloc      2%         2d3       95%         4
 Leda's Liquefaction      Hex/Erth       1%         N/A       95%         4
 Passage of Golubria      Tloc           2%         N/A       95%         4
 Summon Ice Beast         Ice/Summ       2%         N/A       95%         4
 Borgnjor's Vile Clutch   Necr/Erth      1%         N/A       100%        5
 Fireball                 Conj/Fire      1%         3d3       100%        5
 Freezing Cloud           Conj/Ice/Air   1%         6-21      100%        5
 Lee's Rapid Deconstruct  Erth           1%         3d4*      100%        5
 Summon Forest            Summ/Tloc      1%         N/A       100%        5
 Summon Mana Viper        Hex/Summ       2%         N/A       100%        5
 Eringya's Noxious Bog    Tmut/Pois      5%         N/A       100%        6
 Simulacrum               Ice/Necr       1%         N/A       100%        6
 Starburst                Conj/Fire      1%         6d3       100%        6
 Statue Form              Tmut/Erth      6%         N/A       100%        6
 Summon Cactus Giant      Summ           1%         N/A       100%        6
 Dragon Form              Tmut           9%         N/A       100%        7
 Monstrous Menagerie      Summ           1%         N/A       100%        7
 Summon Hydra             Summ           1%         N/A       100%        7
 Dragon's Call            Summ           1%         N/A       100%        9
 Polar Vortex             Ice            1%         N/A       100%        9


Dungeon Overview and Level Annotations

Branches:
Dungeon (9/15)             Temple (1/1) D:6            Lair (5/5) D:9
  Swamp (0/4) Lair:3        Snake (1/4) Lair:3        Slime (0/5) Lair:4
Ossuary (visited)
    Orc: D:9-12

Altars:
Ashenzari
Cheibriados
Dithmenos
Fedhas
Gozag
Hepliaklqana
Kikubaaqudgha
Makhleb
Okawaru
Ru
Sif Muna
Trog
Uskayaw
Vehumet
Wu Jian
Xom
Yredelemnul

Shops:
D:3 (   D:5 [   D:7 *

Portals:
Abyss: Lair:3


Innate Abilities, Weirdness & Mutations

Your life essence is reduced to manifest your ancestor. (-10% HP)
You have hoof-like feet.
You are partially covered in rugged brown scales. (AC +1, +3% HP)
You sometimes emit foul miasma when damaged in melee.
You sometimes gain power by taking damage.
You have an increased reservoir of magic. (+10% MP)
You are robust. (+10% HP)


Message History

The naga completely misses you. The naga grabs you. The naga constricts you.
The electric eel shoots out a bolt of lightning at you!
The bolt of electricity misses you. The naga spits poison at you.
The splash of poison misses you. The naga constricts you.
You slice the naga like a ripe choko!!!
You kill the naga!
You feel very sick.
You are no longer poisoned.
You hear a shout!
The electric eel shoots out a bolt of lightning at you!
The bolt of electricity hits you!
* * * LOW HITPOINT WARNING * * *
The bolt hits Ahumratum!!
The electric eel shoots out a bolt of lightning at you!
The bolt of electricity hits Ahumratum.
The bolt of electricity hits you!
* * * LOW HITPOINT WARNING * * *
The electric eel shoots out a bolt of lightning at you!
The bolt of electricity hits you.
* * * LOW HITPOINT WARNING * * *
A bolt appears from out of your range of vision.
The bolt hits Ahumratum!
Ahumratum is destroyed!
The electric eel shoots out a bolt of lightning at you!
The bolt of electricity hits you!
* * * LOW HITPOINT WARNING * * *
You hear a shout!
You start resting.
A salamander comes into view. It is wielding a +4 glaive.
A salamander is nearby!
You feel much better.
You feel yourself speed up.
Ahumratum emerges from the mists of memory!
The salamander hits you from afar with a +4 glaive.
You are engulfed in flames!
* * * LOW HITPOINT WARNING * * *
The salamander hits you with a +4 glaive!!
* * * LOW HITPOINT WARNING * * *
You are engulfed in flames!
You die...

##.#..... ##.......#
#...#....#
####.#.##.#.#
#....#.##.#.#
#<####.# ...#
#.####.###..#
#...........#
....#.....R@.# ≈
....#..$..N..## .≈≈
..........#...##...≈≈
######....#...)?..[≈≈
#.....#..)....S≈
#...#.#.......≈≈
##..#.#..##...≈≈
#.##.#.## ...≈≈ #.
....# ..≈≈


You could see the friendly Ahumratum the hexer and a salamander (ally target).

Vanquished Creatures
  The ghost of whiskeysaurus the Arsonist, a journeyman DrFE of Hepliaklqana (Lair:3)
  Josephine (Lair:4)
  3 hydras
  2 catoblepae
  A centaur warrior (D:8)
  A boulder beetle (Lair:5)
  12 death yaks
  A thrashing horror (Lair:3)
  A shock serpent (Snake:1)
  Urug (Lair:4)
  Sonja (Lair:4)
  A wretched star (Lair:3)
  Pikel (D:7)
  A mana viper (Snake:1)
  A necromancer (Lair:4)
  2 oklob plants (Lair:4)
  2 manticores (Lair:5)
  A rust devil (Lair:3)
  5 elephants (Lair:3)
  7 black mambas
  A smoke demon (Lair:3)
  10 cane toads
  A naga mage (Snake:1)
  A kobold demonologist (D:9)
  A rime drake (Lair:5)
  9 komodo dragons
  2 trolls
  4 polar bears
  3 blink frogs (Lair:3)
  A shadow (D:9)
  A spriggan (Lair:3)
  3 wraiths (Lair:4)
  A vampire (D:9)
  A basilisk (Lair:4)
  A wyvern (Lair:3)
  46 yaks
  A chaos spawn (Lair:3)
  7 water moccasins
  2 nagas (Snake:1)
  3 orc warriors
  6 black bears
  A sky beast (D:7)
  3 ogres
  5 wolves (Lair:3)
  A centaur (D:9)
  3 phantoms
  2 lemures (D:7)
  2 kobold brigands
  An elf zombie (Ossuary)
  8 bullfrogs
  4 scorpions
  9 wights
  A hexer (Lair:5)
  12 killer bees
  4 howler monkeys
  4 centaur zombies (Ossuary)
  2 gnoll boudas (D:6)
  5 hounds
  A jelly (D:5)
  7 orc priests
  Jessica (D:2)
  An iguana (D:5)
  8 orc wizards
  4 polar bear simulacra (Lair:4)
  6 hell rats (Lair:3)
  A yak simulacrum (Lair:4)
  Terence (D:2)
  2 wolf simulacra (Lair:4)
  An ogre zombie (Ossuary)
  8 mummies
  10 gnolls
  8 adders
  A shadow imp (D:6)
  An ufetubus (D:5)
  2 adder zombies (Ossuary)
  A worm (D:2)
  7 dart slugs
  34 orcs
  4 bats
  8 endoplasms
  5 giant cockroaches
  A gnoll zombie (Ossuary)
  9 hobgoblins
  2 jackals (D:2)
  18 kobolds
  3 quokkas
  10 ball pythons
  3 frilled lizards
  2 goblins (D:1)
  3 goblin zombies (Ossuary)
  5 hobgoblin zombies (Ossuary)
  3 kobold zombies (Ossuary)
  4 quokka zombies (Ossuary)
  4 rats
  6 rat zombies (Ossuary)
  4 river rat simulacra (Lair:4)
417 creatures vanquished.

Vanquished Creatures (collateral kills)
  2 catoblepae (Lair:5)
  An ugly thing (Lair:3)
  An elephant (Lair:3)
  3 komodo dragons
  2 wraiths (Lair:4)
  3 yaks
  A basilisk (Lair:5)
  A naga (Lair:3)
  3 water moccasins
  A black bear (Lair:1)
  A wolf (Lair:3)
  A kobold brigand (D:9)
  An electric eel (Lair:3)
  An orc priest (D:9)
  A hell rat (Lair:3)
  An orc (D:9)
  A kobold (D:9)
25 creatures vanquished.

Vanquished Creatures (others)
  An ancestor (D:9)
  4 hexers
  A quokka (D:8)
  20 fungi
  68 plants
  7 toadstools (D:1)
101 creatures vanquished.

Grand Total: 543 creatures vanquished

Notes
Turn   | Place    | Note
-------+----------+-------------------------------------------
     0 | D:1      | Newt the Demonspawn Gladiator began the quest for the Orb.
     0 | D:1      | Reached XP level 1. HP: 16/16 MP: 1/1
   120 | D:1      | Reached skill level 1 in Stealth
   209 | D:1      | Found a faded altar of an unknown god.
   228 | D:1      | Gained mutation: You have large cloven feet. [demonic
                  | ancestry]
   228 | D:1      | Reached XP level 2. HP: 22/22 MP: 0/2
   776 | D:1      | Reached XP level 3. HP: 27/27 MP: 0/3
  1461 | D:2      | Noticed Terence
  1477 | D:2      | Killed Terence
  1478 | D:2      | Gained mutation: You sometimes gain a little power by
                  | taking damage. [demonic ancestry]
  1478 | D:2      | Reached XP level 4. HP: 12/35 MP: 1/4
  1918 | D:2      | Noticed Jessica
  1923 | D:2      | Killed Jessica
  2349 | D:3      | Gained mutation: You are partially covered in rugged brown
                  | scales. (AC +1, +3% HP) [demonic ancestry]
  2349 | D:3      | Reached XP level 5. HP: 37/43 MP: 3/5
  2484 | D:3      | Found Mikuho's Antique Weapon Shop.
  2893 | D:3      | Noticed an ogre
  2906 | D:3      | Killed an ogre
  2907 | D:3      | Reached XP level 6. HP: 49/49 MP: 2/6
  3424 | D:4      | Found a snail-covered altar of Cheibriados.
  3435 | D:4      | Reached skill level 5 in Throwing
  3557 | D:4      | Gained mutation: You have hoof-like feet. [demonic
                  | ancestry]
  3557 | D:4      | Reached XP level 7. HP: 48/55 MP: 3/7
  4053 | D:5      | Entered Level 5 of the Dungeon
  4073 | D:5      | Reached skill level 1 in Armour
  4475 | D:5      | Found Vetwac's Armour Shoppe.
  4629 | D:5      | Reached XP level 8. HP: 61/61 MP: 5/8
  4808 | D:3      | Bought a transparent quarterstaff for 207 gold pieces
  4808 | D:3      | Identified the +8 quarterstaff of Raytob {drain, rPois rC-
                  | Str+6 Int+4} (You bought it in a shop on level 3 of the
                  | Dungeon)
  4896 | D:5      | Found a hide-covered altar of Uskayaw.
  5049 | D:5      | Found an opulent altar of Gozag.
  5233 | D:5      | Found an iron altar of Okawaru.
  5330 | D:5      | Reached skill level 1 in Staves
  5757 | D:6      | Reached skill level 5 in Staves
  5891 | D:6      | Found the necklace of Bloodlust {*Rage Will++ Int-3 Slay+6}
  5945 | D:6      | Reached XP level 9. HP: 51/66 MP: 6/9
  5948 | D:6      | Reached skill level 1 in Spellcasting
  6226 | D:6      | Found a staircase to the Ecumenical Temple.
  6257 | Temple   | Entered the Ecumenical Temple
  6404 | D:7      | Found a sand-covered staircase.
  6409 | Ossuary  | Entered an ossuary
  6861 | Ossuary  | Identified the ring "Zualifua" {Ice Str+6}
  7035 | D:7      | Reached skill level 1 in Transmutations
  7183 | D:7      | Noticed Pikel
  7192 | D:7      | Killed Pikel
  7319 | D:7      | Found a blossoming altar of Fedhas.
  7330 | D:7      | Found a broken altar of Ashenzari.
  7371 | D:7      | Found a hazy altar of Hepliaklqana.
  7409 | D:7      | Became a worshipper of Hepliaklqana the Forgotten
  7535 | D:7      | Found Oruoxy's Island Escapes.
  7843 | D:8      | Reached skill level 5 in Transmutations
  7843 | D:8      | Noticed a troll
  7844 | D:8      | Reached skill level 1 in Evocations
  7850 | D:8      | Killed a troll
  7932 | D:8      | Gained mutation: You may rarely emit foul miasma when
                  | damaged in melee. [demonic ancestry]
  7932 | D:8      | Reached XP level 10. HP: 69/73 MP: 12/16
  7946 | D:8      | Identified a scroll of acquirement
  7946 | D:8      | Acquired the +10 triple sword "Keaselocs" {heavy, rPois
                  | Will+}
  8001 | D:8      | Identified the +3 leather armour of the Moon {-Cast +Inv
                  | rElec Dex+5}
  8069 | D:8      | Found an ornate altar of the Wu Jian Council.
  8124 | D:8      | Reached skill level 1 in Long Blades
  8282 | D:8      | Noticed a centaur warrior
  8286 | D:8      | Killed a centaur warrior
  8287 | D:8      | Reached skill level 3 in Long Blades
  8513 | D:9      | Learned a level 2 spell: Wereblood
  8535 | D:9      | Reached skill level 4 in Long Blades
  8724 | D:9      | Reached * piety under Hepliaklqana
  8726 | D:9      | Reached skill level 5 in Long Blades
  8867 | D:9      | Reached skill level 6 in Long Blades
  8952 | D:9      | Found a radiant altar of Vehumet.
  9046 | D:9      | Reached skill level 7 in Long Blades
  9094 | D:9      | Found a staircase to the Lair.
  9109 | D:9      | Reached skill level 8 in Long Blades
  9110 | D:9      | Reached XP level 11. HP: 38/71 MP: 12/17
  9152 | Lair:1   | Entered Level 1 of the Lair of Beasts
  9219 | Lair:1   | Reached ** piety under Hepliaklqana
  9365 | Lair:1   | Remembered your ancestor Ahumratum as a hexer
  9388 | Lair:1   | Reached skill level 9 in Long Blades
  9424 | Lair:1   | Noticed a catoblepas
  9429 | Lair:1   | Killed a catoblepas
  9714 | Lair:1   | Reached skill level 5 in Armour
 10233 | Lair:2   | Identified the +6 mace of Beyond {speed, rF- Dex+7}
 10368 | Lair:2   | Reached *** piety under Hepliaklqana
 10756 | Lair:3   | Reached skill level 5 in Fighting
 10766 | Lair:3   | Reached XP level 12. HP: 30/80 MP: 7/18
 10891 | Lair:3   | Found a staircase to the Swamp.
 10999 | Lair:3   | Gained mutation: You have an increased reservoir of magic.
                  | (+10% MP) [potion of mutation]
 10999 | Lair:3   | Gained mutation: You are robust. (+10% HP) [potion of
                  | mutation]
 11148 | Lair:3   | Noticed a four-headed hydra
 11154 | Lair:3   | Killed a seven-headed hydra
 11211 | Lair:3   | Reached skill level 5 in Evocations
 11245 | Lair:3   | Found a one-way gate to the infinite horrors of the Abyss.
 11245 | Lair:3   | Noticed whiskeysaurus's ghost (journeyman DrFE)
 11264 | Lair:3   | Found a transporter.
 11299 | Lair:3   | Found a transporter.
 11385 | Lair:3   | Found a staircase to the Snake Pit.
 11900 | Lair:3   | Killed whiskeysaurus's ghost
 11915 | Lair:3   | Acquired 844 gold pieces
 12146 | Lair:4   | Reached **** piety under Hepliaklqana
 12147 | Lair:4   | Noticed Josephine
 12156 | Lair:4   | Killed Josephine
 12157 | Lair:4   | Reached skill level 10 in Evocations
 12158 | Lair:4   | Reached skill level 1 in Invocations
 12159 | Lair:4   | Gained mutation: You sometimes emit foul miasma when
                  | damaged in melee. [demonic ancestry]
 12159 | Lair:4   | Reached XP level 13. HP: 78/100 MP: 16/20
 12368 | Lair:4   | Noticed Sonja
 12377 | Lair:4   | Identified the +2 leather armour of the Stone Wall {Will+
                  | Str+4}
 12389 | Lair:4   | Killed Sonja
 12430 | Lair:4   | Noticed Urug
 12448 | Lair:4   | Killed Urug
 12449 | Lair:4   | Reached skill level 5 in Invocations
 13391 | Lair:4   | Found a staircase to the Slime Pits.
 13707 | Lair:5   | Entered Level 5 of the Lair of Beasts
 14929 | Lair:5   | Reached skill level 10 in Long Blades
 14990 | Lair:5   | Gained mutation: You sometimes gain power by taking damage.
                  | [demonic ancestry]
 14990 | Lair:5   | Reached XP level 14. HP: 90/108 MP: 15/22
 15225 | Lair:5   | Identified the +6 war axe "Iriddikare" {venom, Fly rF+}
 15610 | Snake:1  | Entered Level 1 of the Snake Pit
 15618 | Snake:1  | Reached skill level 11 in Long Blades
 15684 | Snake:1  | HP: 2/108 [electric eel/bolt of electricity (11)]
 15708 | Snake:1  | Slain by a salamander

Illustrated notes

Levels and vault maps discovered:
D:1:      nagdon_arrival_double_spiral, layout_basic,
          shapermc_ecumenical_altar_flowoftime
D:2:      layout_basic, uniq_jessica, uniq_terence
D:3:      layout_loops_ring, serial_shops, shop
D:4:      layout_basic, slow_altar_1
D:5:      layout_cave_pools, grunt_gozag_breadcrumbs,
          mainiacjoe_overflow_alcove_1, gammafunk_temple_overflow_statue,
          serial_shops, nicolae_inconvenience_store, nicolae_fountain_basement
D:6:      layout_rooms, minmay_temple_entry_purple_smoke
D:7:      layout_rooms, mainiacjoe_overflow_tiny_flanked,
          amethyst_overflow_temple_binary, enter_ossuary_2,
          nicolae_island_escapes, uniq_pikel
D:8:      layout_cave_pools, nzn_wu_jian_council_hall, elyvilon_altar_4,
          kennysheep_just_a_vault
D:9:      layout_roguey, kennysheep_little_box, david_lair_shrubbed
Temple:   hellmonk_temple_rainy
Lair:1:   layout_regular_city, beast_lair_carwin_6, infiniplex_staircase_pool_2
Lair:2:   layout_hall_layers
Lair:3:   layout_hall_layers, minmay_swamp_entry_eels,
          guppyfry_snake_entry_garden, gammafunk_ghost_abyssal_escape
Lair:4:   layout_roguey, minmay_slime_entry_oklob_enclosed,
          dreamdust_mushroom_princess, eino_house_with_fridge, uniq_josephine,
          uniq_sonja, uniq_urug
Lair:5:   evilmike_catoblepas_cave, layout_misc_corridors, minivault_23,
          chequers_serial_rivers_micro_d
Snake:1:  nicolae_snake_shooting_gallery, layout_misc_corridors, serial_shops,
          nicolae_lakefront_shop, uniq_roxanne

Skill      XL: |  1  2  3  4  5  6  7  8  9 10 11 12 13 14 |
---------------+-------------------------------------------+-----
Stealth        | 1 2 3 |  3.0
Fighting       | 3 4 5 8 |  8.0
Throwing       | 2 3 5 8 |  8.0
Short Blades   | 3 4 |  4.0
Armour         | 4 8 |  8.0
Dodging        | 3 4 |  4.0
Staves         | 6 |  6.0
Spellcasting   | 4 |  4.0
Transmutations | 5 8 |  8.0
Evocations     | 4 10 | 10.0
Long Blades    | 8 9 10 11 | 11.1
Invocations    | 2 5 |  5.0

Action                   |  1- 3 |  4- 6 |  7- 9 | 10-12 | 13-15 || total
-------------------------+-------+-------+-------+-------+-------++-------
Melee: Rapier            |    89 |   105 |    18 |       |       ||   212
       Kick              |    13 |    30 |    72 |    59 |    38 ||   212
       Punch             |       |     2 |     2 |       |       ||     4
       Short sword       |       |       |    89 |       |       ||    89
       Quarterstaff      |       |       |   195 |     2 |       ||   197
       Triple sword      |       |       |       |   225 |   129 ||   354
Throw: Throwing net      |     3 |       |       |       |     2 ||     5
       Javelin           |       |     1 |       |       |       ||     1
       Dart              |       |     3 |       |       |     4 ||     7
 Cast: Wereblood         |       |       |       |       |     4 ||     4
Invok: Ancestor Life: He |       |       |       |     1 |       ||     1
  Use: Scroll            |     5 |     6 |     4 |    10 |     1 ||    26
       Potion            |       |       |     3 |     5 |     1 ||     9
 Stab: Sleeping          |     5 |     8 |     4 |     1 |     1 ||    19
       Distracted        |       |       |     1 |     4 |     2 ||     7
       Confused          |       |       |       |     2 |     2 ||     4
       Invisible         |       |       |       |     4 |       ||     4
Armor: Leather armour    |    30 |    32 |    82 |   132 |    61 ||   337
Dodge: Dodged            |    48 |    63 |   245 |   466 |   159 ||   981
Block: Other             |       |       |    16 |       |       ||    16
       Reflection        |       |       |     2 |       |       ||     2

Table legend: (Time is in decaauts)
 A = Elapsed time spent in this place.
 B = Non-inter-level travel time spent in this place.
 C = Inter-level travel time spent in this place.
 D = Time resting spent in this place.
 E = Time spent auto-exploring this place.
 F = Levels seen in this place.
 G = Mean time per level.
                   A        B        C        D        E       F      G
               +--------+--------+--------+--------+--------+-----+--------+
         Total |  16707 |  16090 |    617 |   3226 |   9956 |  17 |  982.8 |
       Dungeon |   8825 |   8401 |    424 |   1154 |   5752 |   9 |  980.6 |
        Temple |     37 |     37 |      0 |      0 |     15 |   1 |   37.0 |
          Lair |   7019 |   6828 |    191 |   1903 |   3771 |   5 | 1403.8 |
     Snake Pit |    132 |    132 |      0 |     92 |      0 |   1 |  132.0 |
       Ossuary |    693 |    693 |      0 |     75 |    417 |   1 |  693.0 |
               +--------+--------+--------+--------+--------+-----+--------+

Top non-repeatable levels by time:
  Lair:4: 2462 daAuts
  Lair:3: 1470 daAuts
     D:5: 1450 daAuts
  Lair:5: 1358 daAuts
     D:1: 1342 daAuts
  Lair:1: 1146 daAuts
     D:4: 1076 daAuts
     D:2: 940 daAuts
     D:7: 895 daAuts
     D:3: 856 daAuts
     D:9: 767 daAuts
     D:6: 765 daAuts
     D:8: 729 daAuts
 Ossuary: 693 daAuts
  Lair:2: 581 daAuts
